 Dungeon Crawl Stone Soup version 0.31.0-2-g5a2aebc5c2 (webtiles) character file.

Game seed: 17157310338267447898

183349 groovy9 the Severer (level 17, 0/161 HPs)
             Began as a Hill Orc Fighter on Jan 21, 2024.
             Was an Elder of Okawaru.
             Slain by an Ice Fiend (8 damage)
             ... in an ice cave.
             The game lasted 01:53:38 (28866 turns).

groovy9 the Severer (Hill Orc Fighter)             Turns: 28866, Time: 01:53:38

Health: 0/161      AC: 32    Str: 27    XL:     17   Next: 99%
Magic:  25/28      EV: 12    Int:  8    God:    Okawaru [****..]
Gold:   1089       SH:  0    Dex: 14    Spells: 16/16 levels left

rFire   . . .        e - +8 broad axe (protect)
rCold   + + +        O - +0 kite shield
rNeg    . . .        f - +0 ice dragon scales
rPois   .            s - +0 helmet
rElec   .            i - +0 cloak
rCorr   .            n - +0 pair of gloves
SInv    +            K - +1 pair of boots
Will    +....        y - amulet of regeneration Stlth
                     o - ring of see invisible
HPRegen 1.26/turn    P - ring "Eneut" {rF+ rC+ Dex+4}
MPRegen 0.21/turn

%: no passive effects
@: confused, heroic, finesse-ful, ambrosia-drunk, under a protective aura
A: no striking features
}: 1/15 runes: decaying
a: Renounce Religion, Heroism, Finesse


You were in an ice cave.
You worshipped Okawaru.
Okawaru was greatly pleased with you.
You visited 6 branches of the dungeon, and saw 28 of its levels.
You also visited: Ice Cave.

You collected 2219 gold pieces.
You spent 1130 gold pieces at shops.

Inventory:

Hand Weapons
 e - a +8 broad axe of protection (weapon)
 v - a +2 flail of protection
 C - a +1 vampiric hand axe
Missiles
 G - 5 boomerangs (quivered)
 S - 5 javelins
Armour
 c - the +10 scale mail "Wocvem" {rN+ Stlth+}
   (You found it on level 3 of the Swamp)

   rN+:       It protects you from negative energy.
   Stlth+:    It makes you more stealthy.
 f - +0 ice dragon scales (worn)
 i - a +0 cloak (worn)
 n - a +0 pair of gloves (worn)
 s - a +0 helmet (worn)
 u - an orb of light
 H - a +3 chain mail of fire resistance
 K - a +1 pair of boots (worn)
 M - +0 fire dragon scales
 O - a +0 kite shield (worn)
 Z - +0 swamp dragon scales
Jewellery
 g - the ring "Dashrude" {EV+5 Str+3 Slay+3}
   (You found it on level 1 of the Swamp)

   [ring of evasion]

   EV+5:      It affects your evasion (+5).
   Str+3:     It affects your strength (+3).
   Slay+3:    It affects your accuracy & damage with ranged weapons and melee
   (+3).
 o - a ring of see invisible (left hand)
 q - the ring "Pumeishry" {^Contam Int+5 SInv}
   (You found it on level 15 of the Dungeon)

   [ring of see invisible]

   Int+5:     It affects your intelligence (+5).
   SInv:      It lets you see invisible.
   ^Contam:   It causes magical contamination when unequipped.
 y - an amulet of regeneration (around neck)
 A - a ring of flight
 D - a ring of poison resistance
 P - the ring "Eneut" (right hand) {rF+ rC+ Dex+4}
   (You acquired it on level 3 of the Lair of Beasts)

   [ring of protection from fire]

   Dex+4:     It affects your dexterity (+4).
   rF+:       It protects you from fire.
   rC+:       It protects you from cold.
Wands
 w - a wand of digging (12)
 N - a wand of polymorph (6)
Scrolls
 b - 3 scrolls of poison
 d - 4 scrolls of amnesia
 h - 7 scrolls of fog
 j - 6 scrolls of teleportation
 k - 10 scrolls of identify
 x - 3 scrolls of enchant armour
 B - a scroll of silence
 L - 2 scrolls of immolation
 U - a scroll of vulnerability
 V - 2 scrolls of blinking
 W - 5 scrolls of fear
 X - a scroll of summoning
Potions
 a - 3 potions of enlightenment
 l - 6 potions of attraction
 m - a potion of magic
 p - a potion of haste
 r - 3 potions of lignification
 t - 2 potions of cancellation
 z - 8 potions of mutation
 E - 4 potions of curing
 F - 6 potions of might
 R - a potion of resistance


   Skills:
 + Level 17.2(22.2) Fighting
 + Level 18.8(23.8) Axes
 + Level 10.1(15.1) Throwing
 + Level 14.5(19.5) Armour
 + Level 14.2(19.2) Shields
 + Level 15.4 Invocations


You had 16 spell levels left.
You didn't know any spells.
Your spell library contained the following spells:

 Spells                   Type           Power      Damage    Failure   Level
 Foxfire                  Conj/Fire      0%         2x1d4     69%         1
 Kiss of Death            Conj/Necr      0%         2d5       69%         1
 Magic Dart               Conj           0%         1d3       69%         1
 Necrotise                Necr           0%         1d4       69%         1
 Shock                    Conj/Air       0%         1d3       69%         1
 Slow                     Hex            0%         N/A       69%         1
 Blink                    Tloc           0%         N/A       83%         2
 Cigotuvi's Dreadful Rot  Necr/Alch/Air  0%         N/A       83%         2
 Lesser Beckoning         Tloc           0%         N/A       83%         2
 Scorch                   Fire           0%         2d5       83%         2
 Searing Ray              Conj           0%         2d4       83%         2
 Static Discharge         Conj/Air       0%         3-3/arc   83%         2
 Sublimation of Blood     Necr           0%         N/A       83%         2
 Confusing Touch          Hex            0%         N/A       96%         3
 Fugue of the Fallen      Necr           0%         N/A       96%         3
 Gell's Gravitas          Tloc           0%         N/A       96%         3
 Hailstorm                Conj/Ice       0%         3d5       96%         3
 Ozocubu's Armour         Ice            0%         N/A       96%         3
 Sigil of Binding         Hex            0%         N/A       96%         3
 Swiftness                Air            0%         N/A       96%         3
 Teleport Other           Tloc           0%         N/A       96%         3
 Vampiric Draining        Necr           0%         2d6       96%         3
 Airstrike                Air            0%         2d(0-16)  100%        4
 Dispel Undead            Necr           0%         3d6       100%        4
 Flame Wave               Conj/Fire      0%         2d4       100%        4
 Fulminant Prism          Conj/Alch      0%         3d5       100%        4
 Ignite Poison            Fire/Alch      0%         N/A       100%        4
 Manifold Assault         Tloc           0%         N/A       100%        4
 Passage of Golubria      Tloc           0%         N/A       100%        4
 Petrify                  Alch/Erth      0%         N/A       100%        4
 Curse of Agony           Necr           0%         N/A       100%        5
 Freezing Cloud           Conj/Ice/Air   0%         6-21      100%        5
 Irradiate                Conj/Alch      0%         3d11      100%        5
 Iskenderun's Battlesphe  Conj           0%         2d6       100%        5
 Metabolic Englaciation   Hex/Ice        0%         N/A       100%        5
 Yara's Violent Unravell  Hex/Alch       0%         3d3       100%        5
 Bombard                  Conj/Erth      0%         9d1       100%        6
 Dispersal                Tloc           0%         N/A       100%        6
 Borgnjor's Revivificati  Necr           0%         N/A       100%        8
 Disjunction              Tloc           0%         N/A       100%        8
 Death's Door             Necr           0%         N/A       100%        9
 Fire Storm               Conj/Fire      0%         5d1       100%        9
 Call Imp                 Summ           Unusable   N/A       N/A         2
 Tukima's Dance           Hex            Unusable   N/A       N/A         3
 Martyr's Knell           Necr/Summ      Unusable   N/A       N/A         4
 Summon Lightning Spire   Summ/Air       Unusable   N/A       N/A         4
 Summon Cactus Giant      Summ           Unusable   N/A       N/A         6
 Haunt                    Necr/Summ      Unusable   N/A       N/A         7
 Spellforged Servitor     Conj/Summ      Unusable   N/A       N/A         7

Dungeon Overview and Level Annotations

Branches:
Dungeon (15/15)            Temple (0/1) D:7            Lair (5/5) D:10
  Swamp (4/4) Lair:3       Spider (1/4) Lair:2        Slime (0/5) Lair:5
    Orc (2/2) D:9             Elf (1/3) Orc:2        Vaults (0/5) D:13
 Depths (0/4) D:15          IceCv (1/1)

Altars:
Ashenzari
Dithmenos
Elyvilon
Gozag
Hepliaklqana
Kikubaaqudgha
Makhleb
Okawaru
Sif Muna
Trog
Uskayaw
Vehumet
Xom
The Shining One
Beogh

Shops:
D:1 :?   D:9 *   Orc:2 :??(?

Annotations:
Lair:5 exclusion: oklob plant


Message History

Okay, then.
You hit the Ice Fiend.
Your weapon exudes an aura of protection.
The Ice Fiend is lightly wounded.
The Ice Fiend calls on the powers of darkness!
Your body is wracked with pain!
You are too injured to fight recklessly!
You are too injured to fight recklessly!
You are too injured to fight recklessly!
You are too injured to fight recklessly!
You are too injured to fight recklessly!
You are too injured to fight recklessly!
You are too injured to fight recklessly!
You are too injured to fight recklessly!
You are too injured to fight recklessly!
You can now deal lightning-fast blows.
You can no longer enter into single combat with a foe.
Okawaru will no longer gift you throwing weapons.
You block the Ice Fiend's attack. The Ice Fiend claws you!
The Ice Fiend freezes you! You resist.
You gain the combat prowess of a mighty hero.
The Ice Fiend calls on the powers of darkness!
Your body is wracked with pain!
* * * LOW HITPOINT WARNING * * *
You slash the Ice Fiend!
The Ice Fiend is lightly wounded.
The Ice Fiend calls on the powers of darkness!
Your body is wracked with pain!
* * * LOW HITPOINT WARNING * * *
You hit the Ice Fiend but do no damage.
The Ice Fiend is lightly wounded.
You hit the Ice Fiend but do no damage.
The Ice Fiend is lightly wounded.
You are confused.
You feel invigorated.
The Ice Fiend claws you but does no damage.
The Ice Fiend claws you!
* * * LOW HITPOINT WARNING * * *
The Ice Fiend freezes you! You resist.
You die...

####### ###############
###.....### #.'.........'.#
#.........# ###.#####'#####.#
.........####...#.#.#.#.#.#.##
.........#.⌠#.###'#'#.#'#'#.8####
.........#.)'.#.'.........#....1.
.........########.8.8.8.8.#.#####
...........#..............#.#[.}#
.....⌠.....'....@1........'.#?⌠11
...........#..............#.#$.)#
.........########.8.8.8.8.#.#####
.........#n)+ #.'.........#......
.........#.⌠# ###'#'#.#'#'#.8####
.........#### #.#.#.#.#.#.##
#.........# #####'#####.#
###.....### +.........1.# #######
#############


You could see an Ice Fiend.

Vanquished Creatures
  An Ice Fiend (Arena)
  Kirke (Lair:4)
  Donald (Swamp:3)
  An azure jelly (Swamp:4)
  4 fenstrider witches
  3 ghouls (Swamp:4)
  2 very ugly things
  The ghost of Mumum the Arsonist, a journeyman DrFE of Vehumet (Lair:5)
  Nessos (D:14)
  An eleionoma (Swamp:4)
  3 bunyips
  Snorg (D:10)
  2 fire dragons
  2 shambling mangroves (Swamp:4)
  5 slime creatures
  3 ice dragons (Swamp:4)
  11 hydras
  3 ogre magi
  3 caustic shrike simulacra (IceCv)
  2 centaur warriors
  A catoblepas (Lair:4)
  Erica (Lair:1)
  A boulder beetle (D:12)
  9 alligators
  2 dancing weapons (D:13)
  A ghost crab (Swamp:1)
  A death knight (D:15)
  6 two-headed ogres
  An orc high priest (Orc:2)
  A shock serpent (shapeshifter) (D:15)
  The ghost of gummybears the Covert, a journeyman FeSu of Kikubaaqudgha (D:11)
  A demonic crawler (Spider:1)
  A deep elf knight (Orc:2)
  2 skysharks
  Nergalle (Orc:2)
  A bunyip zombie (Swamp:1)
  A skeletal warrior (D:15)
  An orb spider (Lair:2)
  A glowing orange brain (D:15)
  4 goliath frogs
  7 bog bodies
  2 obsidian statues (IceCv)
  4 swamp dragons
  2 lindwurms
  A necromancer (Swamp:1)
  2 orc knights
  Pikel (D:7)
  6 deep elf pyromancers
  A deep elf zephyrmancer (Elf:1)
  A deep elf archer (Orc:2)
  A steelbarb worm (Spider:1)
  11 orc sorcerers
  2 cyclopes
  11 ugly things
  An oklob plant (D:10)
  3 will-o-the-wisps
  2 wolf spiders (Lair:2)
  2 manticores
  Joseph (D:7)
  8 black mambas
  5 gargoyles
  A torpor snail (Lair:4)
  13 cane toads
  3 molten gargoyles (Lair:5)
  Maggie (Lair:2)
  4 rime drakes
  2 unseen horrors (D:11)
  An unseen horror (shapeshifter) (D:13)
  An ice devil (IceCv)
  14 komodo dragons
  8 freezing wraiths
  A queen bee (shapeshifter) (D:15)
  8 hornets
  3 golden dragon simulacra (IceCv)
  2 bloated husks
  4 tarantellas
  An alligator simulacrum (Swamp:1)
  9 trolls
  2 polar bears
  Prince Ribbit (D:8)
  8 tyrant leeches
  13 blink frogs
  2 shadows
  7 culicivoras
  2 spriggans
  4 jumping spiders
  5 wraiths
  10 wyverns
  A spriggan (shapeshifter) (D:14)
  6 basilisks
  53 yaks
  6 humans (Lair:4)
  7 redbacks
  A steam dragon (Lair:5)
  2 wargs (D:15)
  31 vampire mosquitoes
  4 swamp worm simulacra (Swamp:4)
  2 minotaur simulacra (IceCv)
  A harpy simulacrum (IceCv)
  15 swamp worms
  22 hydra simulacra
  14 water moccasins
  An acid dragon (D:13)
  5 hell hounds (Lair:5)
  Duvessa (D:7)
  4 swamp drakes
  3 black bears
  3 ice beasts
  A sky beast (D:8)
  15 orc warriors
  12 ogres
  A swamp dragon zombie (Swamp:1)
  An ettin simulacrum (IceCv)
  12 wolves
  7 centaurs
  Blork the orc (D:5)
  3 kobold brigands
  16 bullfrogs
  A deep troll simulacrum (IceCv)
  4 scorpions
  5 wights (D:5)
  Dowan (D:7)
  18 killer bees
  2 swamp dragon simulacra (Swamp:1)
  An electric eel (Lair:3)
  2 howler monkeys (D:12)
  2 bombardier beetles
  5 hounds
  3 lava snakes
  7 orc priests
  2 gnoll boudas
  A sleepcap (D:7)
  2 iguanas
  Natasha (thrice) (D:2)
  30 orc wizards
  6 adders
  18 gnolls
  2 white imps
  4 swamp drake simulacra (Swamp:4)
  An adder skeleton (D:2)
  3 dart slugs
  8 ribbon worms
  59 orcs
  8 ball pythons
  7 endoplasms
  2 giant cockroaches
  5 hobgoblins
  6 jackals
  16 kobolds
  3 quokkas (D:3)
  2 ball python skeletons (D:2)
  7 bats
  3 frilled lizards
  A giant cockroach zombie (D:2)
  13 goblins
  A quokka simulacrum (D:2)
  2 rats
  A spectral giant cockroach (D:2)
811 creatures vanquished.

Vanquished Creatures (others)
  An alligator (Swamp:4)
  A freezing wraith (Swamp:4)
  3 bloated husks
  A spriggan (Swamp:4)
  A human (shapeshifter) (D:14)
  A vampire mosquito (D:14)
  An orc wizard (Orc:2)
  An orc (Orc:2)
  15 foxfires
25 creatures vanquished.

Grand Total: 836 creatures vanquished

Notes
Turn   | Place    | Note
-------+----------+-------------------------------------------
     0 | D:1      | groovy9 the Hill Orc Fighter began the quest for the Orb.
     0 | D:1      | Reached XP level 1. HP: 19/19 MP: 1/1
    58 | D:1      | Reached skill level 3 in Axes
    65 | D:1      | Reached XP level 2. HP: 26/27 MP: 2/2
    79 | D:1      | Found a faded altar of an unknown god.
   194 | D:1      | Found Tukosaw's Vocational Training.
   446 | D:1      | Reached XP level 3. HP: 33/33 MP: 3/3
   638 | D:1      | Found Jierph's Magic Scroll Shop.
   649 | D:1      | Bought a scroll of teleportation for 33 gold pieces
   649 | D:1      | Bought a scroll of identify for 22 gold pieces
   860 | D:2      | Noticed Natasha
   873 | D:2      | Killed Natasha
   874 | D:2      | Reached skill level 4 in Axes
   874 | D:2      | Reached XP level 4. HP: 40/40 MP: 4/4
   889 | D:2      | Identified the +0 dagger of Zosim {pain, rElec rCorr Str+5
                  | Dex-5}
   911 | D:2      | Noticed Natasha
   916 | D:2      | Killed Natasha
  1201 | D:2      | Noticed Natasha
  1214 | D:2      | Killed Natasha
  1215 | D:2      | Reached XP level 5. HP: 23/47 MP: 5/5
  1304 | D:2      | Reached skill level 5 in Axes
  1762 | D:3      | Found an iron altar of Okawaru.
  1879 | D:3      | Reached XP level 6. HP: 42/53 MP: 6/6
  2595 | D:3      | Became a worshipper of Warmaster Okawaru
  2625 | D:4      | Reached skill level 6 in Axes
  2626 | D:4      | Reached skill level 5 in Fighting
  2986 | D:4      | Reached XP level 7. HP: 57/61 MP: 7/7
  3107 | D:4      | Reached * piety under Okawaru
  3108 | D:4      | Reached skill level 5 in Armour
  3205 | D:4      | Reached skill level 7 in Axes
  3211 | D:4      | Reached skill level 5 in Shields
  3213 | D:4      | You fall into a shaft and drop 2 floors!
  3248 | D:5      | Entered Level 5 of the Dungeon
  3793 | D:5      | Reached XP level 8. HP: 54/70 MP: 8/8
  3861 | D:5      | Reached ** piety under Okawaru
  3862 | D:5      | Reached skill level 8 in Axes
  4024 | D:5      | Noticed Blork the orc
  4041 | D:5      | Killed Blork the orc
  4185 | D:5      | Reached skill level 1 in Invocations
  4375 | D:5      | Found a bloodstained altar of Trog.
  4381 | D:5      | Found a broken altar of Ashenzari.
  4381 | D:5      | Found a white marble altar of Elyvilon.
  4381 | D:5      | Found a hazy altar of Hepliaklqana.
  4381 | D:5      | Found a shimmering altar of Xom.
  4382 | D:5      | Found a burning altar of Makhleb.
  4385 | D:5      | Found a glowing golden altar of the Shining One.
  4386 | D:5      | Found a hide-covered altar of Uskayaw.
  4787 | D:6      | Reached skill level 9 in Axes
  5091 | D:6      | Reached XP level 9. HP: 76/78 MP: 9/11
  5159 | D:6      | Reached *** piety under Okawaru
  5304 | D:6      | Found a shimmering blue altar of Sif Muna.
  5312 | D:6      | Found an ancient bone altar of Kikubaaqudgha.
  5313 | D:6      | Found a radiant altar of Vehumet.
  5508 | D:7      | Reached skill level 10 in Axes
  5522 | D:7      | Noticed Duvessa
  5522 | D:7      | Noticed Dowan
  5528 | D:7      | Killed Duvessa
  5530 | D:7      | Killed Dowan
  5630 | D:7      | Noticed Pikel
  5647 | D:7      | Killed Pikel
  5647 | D:7      | Reached **** piety under Okawaru
  5697 | D:7      | Reached skill level 11 in Axes
  5700 | D:7      | Noticed Joseph
  5855 | D:7      | Found a staircase to the Ecumenical Temple.
  5893 | D:7      | Killed Joseph
  5894 | D:7      | Reached skill level 5 in Invocations
  5894 | D:7      | Reached XP level 10. HP: 87/88 MP: 13/13
  5900 | D:7      | Reached ***** piety under Okawaru
  6016 | D:7      | Found a shadowy altar of Dithmenos.
  6473 | D:8      | Identified a scroll of acquirement
  6473 | D:8      | Acquired a +0 heavy broad axe
  6622 | D:1      | Bought a scroll of enchant weapon for 82 gold pieces
  6622 | D:1      | Bought a scroll of enchant armour for 82 gold pieces
  6622 | D:1      | Bought a scroll of brand weapon for 104 gold pieces
  6911 | D:8      | Noticed Prince Ribbit
  6922 | D:8      | Killed Prince Ribbit
  6923 | D:8      | Reached skill level 12 in Axes
  7985 | D:9      | Noticed a two-headed ogre
  7999 | D:9      | Killed a two-headed ogre
  8000 | D:9      | Reached skill level 13 in Axes
  8000 | D:9      | Reached XP level 11. HP: 86/97 MP: 13/16
  8029 | D:9      | Received a gift from Okawaru
  8084 | D:9      | Found Didd's Lightly-Used Armoury.
  8093 | D:9      | Found a staircase to the Orcish Mines.
  8287 | D:10     | Entered Level 10 of the Dungeon
  8323 | D:10     | Noticed Snorg
  8348 | D:10     | Killed Snorg
  8422 | D:10     | Reached skill level 1 in Throwing
  8638 | D:10     | Found a staircase to the Lair.
  8639 | D:10     | Noticed an oklob plant
  8657 | D:10     | Killed an oklob plant
  8671 | D:10     | HP: 3/99 [gargoyle/+0 mace (18)]
  9229 | Lair:1   | Entered Level 1 of the Lair of Beasts
  9235 | Lair:1   | Noticed Erica
  9267 | Lair:1   | Killed Erica
  9268 | Lair:1   | Reached skill level 10 in Fighting
  9376 | Lair:1   | Received a gift from Okawaru
  9536 | Lair:1   | Reached XP level 12. HP: 91/106 MP: 15/18
  9583 | Lair:1   | Reached skill level 14 in Axes
 10318 | Lair:2   | Reached skill level 10 in Armour
 10501 | Lair:2   | Received a gift from Okawaru
 10733 | Lair:2   | Noticed Maggie
 10749 | Lair:2   | Killed Maggie
 10750 | Lair:2   | Reached skill level 10 in Shields
 10939 | Lair:2   | Paralysed by a hornet for 1 turns
 10946 | Lair:2   | Paralysed by a hornet for 1 turns
 10956 | Lair:2   | Reached skill level 10 in Invocations
 11191 | Lair:2   | Reached XP level 13. HP: 94/116 MP: 20/20
 11251 | Lair:2   | Reached skill level 5 in Throwing
 11449 | Lair:2   | Found a hole to the Spider Nest.
 11682 | Lair:3   | Reached skill level 15 in Axes
 12242 | Lair:3   | Acquired the ring "Eneut" {rF+ rC+ Dex+4}
 12508 | Lair:3   | Found a staircase to the Swamp.
 12969 | Lair:4   | Noticed Kirke
 12995 | Lair:4   | Killed Kirke
 13368 | Lair:4   | Identified the +5 trident "Xuudurgh" {freeze, rElec Will+
                  | Int+3}
 13659 | Lair:4   | Received a gift from Okawaru
 13695 | Lair:4   | Reached XP level 14. HP: 119/127 MP: 22/22
 13812 | Lair:5   | Entered Level 5 of the Lair of Beasts
 14138 | Lair:5   | Found a runed translucent gate.
 14138 | Lair:5   | Found a runed translucent gate.
 14138 | Lair:5   | Found a runed translucent gate.
 14138 | Lair:5   | Noticed Mumum's ghost (journeyman DrFE)
 14158 | Lair:5   | Killed Mumum's ghost
 14265 | Lair:5   | Reached skill level 16 in Axes
 14316 | Lair:5   | Found a staircase to the Slime Pits.
 14552 | Lair:5   | Received a gift from Okawaru
 14616 | Lair:5   | Found a large runed translucent door.
 14617 | Lair:5   | Found a large runed translucent door.
 15477 | Lair:5   | Got the Notes on the Charred Iceberg
 15733 | Orc:1    | Entered Level 1 of the Orcish Mines
 16124 | Orc:2    | Entered Level 2 of the Orcish Mines
 16124 | Orc:2    | Found a staircase to the Elven Halls.
 16124 | Orc:2    | Found Fomi's Magic Scroll Boutique.
 16198 | Orc:2    | Paralysed by an orc sorcerer for 4 turns
 16276 | Orc:2    | Bought a scroll of identify for 36 gold pieces
 16276 | Orc:2    | Bought a scroll of identify for 36 gold pieces
 16276 | Orc:2    | Bought a scroll of blinking for 135 gold pieces
 16276 | Orc:2    | Bought 3 scrolls of identify for 108 gold pieces
 16276 | Orc:2    | Bought a scroll of fear for 72 gold pieces
 16281 | Orc:2    | Reached XP level 15. HP: 139/139 MP: 24/24
 16488 | Orc:1    | Paralysed by an orc sorcerer for 2 turns
 16498 | Orc:1    | Reached skill level 15 in Fighting
 17265 | Orc:2    | Found Wiquuf's Book Shop.
 17285 | Orc:2    | Found an ancient bone altar of Kikubaaqudgha.
 17285 | Orc:2    | Noticed Nergalle
 17303 | Orc:2    | Killed Nergalle
 17336 | Orc:2    | Found Veugrevu's Magic Scroll Shop.
 17347 | Orc:2    | Bought a scroll of brand weapon for 133 gold pieces
 17347 | Orc:2    | Bought a scroll of vulnerability for 56 gold pieces
 17352 | Orc:2    | Found a radiant altar of Vehumet.
 17359 | Orc:2    | Bought a scroll of identify for 28 gold pieces
 17359 | Orc:2    | Bought a scroll of identify for 28 gold pieces
 17359 | Orc:2    | Bought a scroll of identify for 28 gold pieces
 17393 | Orc:2    | Received a gift from Okawaru
 17571 | Orc:2    | Found a roughly hewn altar of Beogh.
 17571 | Orc:2    | Found Xueps's Antique Weapon Shop.
 17581 | Orc:2    | Found Iciblige's Magic Scroll Boutique.
 17593 | Orc:2    | Bought a scroll of teleportation for 42 gold pieces
 17593 | Orc:2    | Bought a scroll of enchant weapon for 105 gold pieces
 17819 | D:11     | Found a runed translucent door.
 17820 | D:11     | Noticed gummybears's ghost (journeyman FeSu)
 18380 | D:11     | Killed gummybears's ghost
 18595 | D:12     | Identified the +2 short sword of groovy9's Misery
                  | {antimagic, rC+ rN+}
 18673 | D:12     | Found a hide-covered altar of Uskayaw.
 18890 | D:12     | Received a gift from Okawaru
 18911 | D:12     | Reached XP level 16. HP: 149/149 MP: 25/25
 19278 | D:13     | Found a gate to the Vaults.
 19297 | D:13     | Identified the +1 ring mail "Cirullao" {rC+ Str+2}
 19678 | D:13     | Reached skill level 17 in Axes
 20028 | Swamp:1  | Entered Level 1 of the Swamp
 20573 | Swamp:1  | Identified the ring "Dashrude" {EV+5 Str+3 Slay+3}
 20642 | Swamp:1  | Noticed a fenstrider witch
 20646 | Arena    | Entered the Arena
 20657 | Arena    | Killed a fenstrider witch
 20657 | Arena    | Received a gift from Okawaru
 21732 | Swamp:2  | Noticed a fenstrider witch
 21742 | Swamp:2  | Paralysed by a fenstrider witch for 3 turns
 21745 | Arena    | Entered the Arena
 21745 | Arena    | HP: 1/151 [fenstrider witch (16)]
 21752 | Arena    | Killed a fenstrider witch
 21894 | Swamp:2  | Found the +3 Elemental Staff {ele, rElec rF+ rC+ AC+3}
 22354 | Swamp:3  | Noticed a fenstrider witch
 22358 | Swamp:3  | Paralysed by a fenstrider witch for 4 turns
 22362 | Swamp:3  | Killed a fenstrider witch
 22377 | Swamp:3  | Noticed Donald
 22398 | Swamp:3  | Killed Donald
 22630 | Swamp:3  | Identified the +10 scale mail "Wocvem" {rN+ Stlth+}
 22895 | Swamp:4  | Entered Level 4 of the Swamp
 23265 | Swamp:4  | Noticed an azure jelly
 23332 | Swamp:4  | Noticed a fenstrider witch
 23352 | Swamp:4  | Killed a fenstrider witch
 23456 | Swamp:4  | Reached XP level 17. HP: 158/158 MP: 27/27
 24022 | Swamp:4  | Reached skill level 18 in Axes
 24369 | Swamp:4  | Received a gift from Okawaru
 24744 | Swamp:4  | Got a decaying rune of Zot
 25533 | D:14     | Noticed Nessos
 25572 | D:14     | Killed Nessos
 25787 | D:14     | Found a shadowy altar of Dithmenos.
 25925 | D:15     | Entered Level 15 of the Dungeon
 26303 | D:15     | Identified the ring "Pumeishry" {^Contam Int+5 SInv}
 26814 | D:15     | Found an opulent altar of Gozag.
 27016 | D:14     | Reached skill level 15 in Invocations
 27160 | D:15     | Found a staircase to the Depths.
 27423 | Elf:1    | Entered Level 1 of the Elven Halls
 27895 | Spider:1 | Entered Level 1 of the Spider Nest
 27957 | Lair:2   | Received a gift from Okawaru
 28050 | Spider:1 | Reached skill level 10 in Throwing
 28270 | Spider:1 | Found a glacial archway.
 28280 | IceCv    | Entered an ice cave
 28651 | IceCv    | Noticed an Ice Fiend
 28651 | IceCv    | Noticed an Ice Fiend
 28658 | IceCv    | HP: 1/161 [Ice Fiend (10)]
 28666 | IceCv    | HP: 5/161 [??? (3)]
 28741 | Arena    | Entered the Arena
 28748 | Arena    | Killed an Ice Fiend
 28866 | IceCv    | HP: 8/161 [Ice Fiend (16)]
 28866 | IceCv    | Slain by an Ice Fiend

Illustrated notes

Levels and vault maps discovered:
D:1:      heliophobic_arrival_enchanted_forest, layout_basic,
          shapermc_ecumenical_altar_totnotflames, serial_shops,
          nicolae_shop_peninsula, hangedman_decor_clover_reticule,
          chequers_serial_rivers_micro_c, nicolae_shop_vocational
D:2:      layout_basic, dilly_guarded_unrand_morg
D:3:      layout_basic, mainiacjoe_overflow_surrounded_room, minmay_distorted
D:4:      layout_cave_pools, grunt_decor_arrowhead, serial_bayou_pond_c,
          nicolae_wormholes
D:5:      layout_loops_ring, minitemple, uniq_blork_the_orc
D:6:      layout_rooms, grunt_temple_overflow_magic_moments,
          minmay_ogre_servants
D:7:      layout_basic, grunt_dithmenos_smoke, minmay_temple_entry_hall,
          minmay_misc_feat_rows, uniq_pikel, uniq_duvessa, uniq_joseph
D:8:      layout_basic, uniq_prince_ribbit1
D:9:      layout_cave_pools, orc_0_dummy, minmay_shop_damaged
D:10:     layout_roguey, dpeg_oklobed_lair, uniq_snorg
D:11:     layout_basic, ebering_ghost_reflecting_pool,
          chequers_serial_rivers_small_3
D:12:     layout_roguey, nicolae_uskayaw_en_pointe
D:13:     layout_irregular_city, erik_vaults_1
D:14:     layout_loops_ring, lemuel_round_altar, lemuel_flamethrower_2,
          uniq_nessos
D:15:     gammafunk_enter_depths_forms, layout_rooms, grunt_gozag_statues
Lair:1:   layout_misc_corridors, uniq_erica
Lair:2:   cheibrodos_lair_overgrown_chateau, layout_misc_corridors,
          nicolae_spider_entry_orb_guardian, uniq_maggie
Lair:3:   layout_chaotic_city, nicolae_swamp_entry_splash_gauntlet,
          cheibrodos_lair_reptile_den, infiniplex_staircase_pool_2
Lair:4:   layout_cellular_growth, uniq_kirke
Lair:5:   cheibrodos_lair_end_hotspot, layout_hall_layers,
          minmay_slime_entry_oklob_open, ebering_ghost_rock_garden
Swamp:1:  layout_basic_swamp, evilmike_swamp_ruin_house_6, swamp_pool_5,
          nicolae_swamp_necromancer_hut, infiniplex_staircase_pool
Swamp:2:  layout_basic_swamp, nicolae_swamp_dense_foliage, swamp_pool_1_2
Swamp:3:  layout_basic_swamp, evilmike_swamp_ruin_house_4, swamp_pool_1_2,
          uniq_donald
Swamp:4:  swamp_icy, layout_basic_swamp
Spider:1: layout_spider_delve, portal_ice_cave_entry_pillars_four,
          nicolae_spider_undead_wolf_pack
Orc:1:    layout_caves
Orc:2:    kennysheep_orc_mage_school, layout_diamond_mine, serial_shops, shop,
          nicolae_orc_lava_tube
Elf:1:    layout_gridlike, basic_altar, hangedman_elven_crosses_minicolossus,
          minmay_librarian, uniq_roxanne, uniq_zenata
IceCv:    ice_cave_tombish

Skill      XL: |  1  2  3  4  5  6  7  8  9 10 11 12 13 14 15 16 17 |
---------------+----------------------------------------------------+-----
Axes           | 3 4 5 6 7 9 11 13 14 15 16 17 18 | 18.8
Fighting       | 4 5 6 8 9 10 11 12 14 15 16 17 | 17.2
Armour         | 4 5 6 7 8 9 10 11 12 13 14 | 14.5
Shields        | 4 5 6 7 8 9 10 11 12 13 14 | 14.2
Invocations    | 2 5 7 8 10 11 12 14 15 | 15.4
Throwing       | 3 4 6 7 9 10 | 10.1

Action                     |  1- 3 |  4- 6 |  7- 9 | 10-12 | 13-15 | 16-18 || total
---------------------------+-------+-------+-------+-------+-------+-------++-------
  Melee: War axe           |    62 |   201 |   288 |    42 |       |       ||   593
         Broad axe         |       |       |       |   455 |   778 |  1059 ||  2292
         Hand axe          |       |       |       |     9 |       |     9 ||    18
         Flail             |       |       |       |       |    55 |    74 ||   129
         Unarmed           |       |       |       |       |     6 |       ||     6
  Throw: Boomerang         |       |       |       |     1 |    11 |    34 ||    46
 Invoke: Heroism           |       |       |       |    12 |     9 |    12 ||    33
         Finesse           |       |       |       |     4 |     4 |    11 ||    19
         Duel              |       |       |       |       |       |     3 ||     3
    Use: Scroll            |     2 |     4 |     1 |    15 |    14 |     8 ||    44
         Potion            |     1 |       |     2 |     3 |     1 |    11 ||    18
 Armour: Scale mail        |    20 |       |       |       |       |   337 ||   357
         Plate armour      |    42 |   229 |   228 |   520 |   731 |   104 ||  1854
         Skin              |       |       |       |       |     2 |       ||     2
         Swamp dragon scal |       |       |       |       |       |   476 ||   476
         Ice dragon scales |       |       |       |       |       |   104 ||   104
         Fire dragon scale |       |       |       |       |       |     6 ||     6
  Dodge: Dodged            |    18 |    68 |    74 |   185 |   187 |   503 ||  1035
  Block: Buckler           |    10 |    54 |    70 |    10 |       |       ||   144
         Kite shield       |       |       |       |       |   468 |   733 ||  1201
